 Dungeon Crawl Stone Soup version 0.30-a0-358-g0d69a1922f (webtiles) character file.

Game seed: 8044399508881642492

58 koil the Chopper (level 4, -5/37 HPs)
             Began as a Hill Orc Reaver on Nov 8, 2022.
             Slain by a gnoll
             ... wielding a +0 halberd
              (13 damage)
             ... on level 2 of the Dungeon.
             The game lasted 00:03:07 (909 turns).

koil the Chopper (Hill Orc Reaver)                   Turns: 909, Time: 00:03:07

Health: -5/37      AC:  5    Str: 14    XL:     4   Next: 2%
Magic:  6/6        EV: 10    Int: 15    God:
Gold:   58         SH:  0    Dex:  9    Spells: 5/6 levels left

rFire   . . .      SeeInvis .    h - +2 dagger (venom)
rCold   . . .      Faith    .    (no shield)
rNeg    . . .      Spirit   .    e - +0 ring mail
rPois   .          Reflect  .    (no helmet)
rElec   .          Harm     .    (no cloak)
rCorr   .          Rampage  .    (no gloves)
Will    .....                    (no boots)
Stlth   ..........               (no amulet)
HPRegen 0.26/turn                (no ring)
MPRegen 0.10/turn                (no ring)

@: no status effects
A: no striking features
a: no special abilities


You were on level 2 of the Dungeon.
You visited 1 branch of the dungeon, and saw 2 of its levels.

You collected 58 gold pieces.

Inventory:

Hand Weapons
 a - a +0 hand axe
 g - a +0 dagger of freezing
 h - a +2 dagger of venom (weapon)
Armour
 b - a +0 leather armour
 e - a +0 ring mail (worn)
Magical Staves
 j - a staff of cold
Scrolls
 c - 2 scrolls of poison {unknown}
 d - 2 scrolls of identify {unknown}
 k - a scroll of enchant armour {unknown}
Potions
 f - a potion of curing {unknown}
 i - a potion of mutation {unknown}


   Skills:
 + Level 2.9 Fighting
 + Level 4.3 Axes
 + Level 1.2 Armour
 + Level 2.0 Dodging
 + Level 1.8 Spellcasting
 + Level 3.2 Conjurations
 + Level 1.0 Earth Magic


You had 5 spell levels left.
You knew the following spells:

 Your Spells              Type           Power      Damage    Failure   Level
a - Kiss of Death         Conj/Necr      24%        2d7       24%         1

Your spell library contained the following spells:

 Spells                   Type           Power      Damage    Failure   Level
 Momentum Strike          Conj/Tloc      12%        3d8       34%         2
 Stone Arrow              Conj/Erth      14%        3d7       50%         3
 Hailstorm                Conj/Ice       6%         3d4       56%         3
 Animate Armour           Summ/Erth      4%         N/A       98%         4
 Lehudib's Crystal Spear  Conj/Erth      3%         10d3      100%        8


Dungeon Overview and Level Annotations

Branches:
Dungeon (2/15)

Altars:
Nemelex Xobeh


Message History

You hit the gnoll.
The gnoll looks as sick as possible!
The gnoll is moderately wounded.
The gnoll hits you from afar with a +0 halberd!
The gnoll hits you but does no damage. The gnoll closely misses you.
A gnoll comes into view. It is wielding a +0 flail.
The gnoll shouts!
The gnoll closely misses you.
Found a sparkling altar of Nemelex Xobeh.
A ball python comes into view.
The ball python hisses angrily.
You kill the gnoll!
Your Earth Magic skill increases to level 1!
You have reached level 4!
The ball python attacks as you move away!
The ball python barely misses you.
Found a pair of boots.
The ball python attacks as you move away!
The ball python bites you. The ball python closely misses you.
The ball python attacks as you move away!
The ball python bites you but does no damage.
The ball python barely misses you.
The ball python bites you but does no damage.
The ball python closely misses you.
You closely miss the ball python. The ball python barely misses you.
The ball python misses you.
You hit the ball python.
The ball python is poisoned.
The ball python is moderately wounded.
The ball python bites you. The ball python grabs you.
The ball python constricts you.
You completely miss the ball python.
The ball python is heavily wounded.
You kill the ball python!
The gnoll hits you with a +0 halberd!
* * * LOW HITPOINT WARNING * * *
You hit the gnoll.
The gnoll is poisoned.
The gnoll is lightly wounded.
The gnoll hits you with a +0 halberd!
You die...

#.#g# #.....# .
#.#.# ###.###
#.#)#######.#
#####............
........#######.##
#####.#.#### #.#
#......## .#
#.......###.##
......_..#gg@...#
#.##.......###.##
# #.......# ##
#######.# #.# #.#
#[# #.#


You could see 2 gnolls.

Vanquished Creatures
  2 gnolls (D:2)
  An adder (D:2)
  4 endoplasms (D:1)
  3 goblins (D:1)
  4 jackals (D:1)
  A quokka (D:1)
  3 ball pythons
  2 bats (D:1)
  A frilled lizard (D:1)
  4 kobolds (D:1)
  5 rats (D:1)
  2 plants (D:1)
32 creatures vanquished.

Notes
Turn   | Place    | Note
-------+----------+-------------------------------------------
     0 | D:1      | koil the Hill Orc Reaver began the quest for the Orb.
     0 | D:1      | Reached XP level 1. HP: 18/18 MP: 3/3
   143 | D:1      | Reached XP level 2. HP: 22/25 MP: 4/4
   581 | D:1      | Reached XP level 3. HP: 16/30 MP: 5/5
   595 | D:1      | Reached skill level 1 in Armour
   842 | D:2      | Found a faded altar of an unknown god.
   892 | D:2      | Found a sparkling altar of Nemelex Xobeh.
   898 | D:2      | Reached skill level 1 in Earth Magic
   898 | D:2      | Reached XP level 4. HP: 16/37 MP: 6/6
   909 | D:2      | Slain by a gnoll

Illustrated notes

Levels and vault maps discovered:
D:1:      minmay_arrival_five_plusses, layout_rooms, serial_forest,
          infiniplex_forest_zigzag_1, infiniplex_forest_lined_3_way,
          infiniplex_forest_corner_1, infiniplex_forest_clump_small,
          infiniplex_forest_lined_2, infiniplex_forest_clump_double,
          infiniplex_forest_clump_double
D:2:      layout_loops_ring, hellmonk_ecumenical_altar_blasted, basic_altar,
          uniq_robin

Skill      XL: |  1  2  3 |
---------------+----------+-----
Armour         | 1 |  1.2
Dodging        | 2 |  2.0
Earth Magic    | 1 |  1.0
Fighting       | |  2.9
Axes           | |  4.3
Spellcasting   | |  1.8
Conjurations   | |  3.2

Action                   |  1- 3 |  4- 6 || total
-------------------------+-------+-------++-------
Melee: Hand axe          |    54 |       ||    54
       Dagger            |    53 |     4 ||    57
       Punch             |     1 |       ||     1
Armor: Ring mail         |    45 |     2 ||    47
       Leather armour    |     2 |       ||     2
Dodge: Dodged            |    62 |     6 ||    68

Table legend: (Time is in decaauts)
 A = Elapsed time spent in this place.
 B = Non-inter-level travel time spent in this place.
 C = Inter-level travel time spent in this place.
 D = Time resting spent in this place.
 E = Time spent auto-exploring this place.
 F = Levels seen in this place.
 G = Mean time per level.
                   A        B        C        D        E       F      G
               +--------+--------+--------+--------+--------+-----+--------+
         Total |    913 |    890 |     23 |      0 |    606 |   2 |  456.5 |
       Dungeon |    913 |    890 |     23 |      0 |    606 |   2 |  456.5 |
               +--------+--------+--------+--------+--------+-----+--------+

Top non-repeatable levels by time:
     D:1: 826 daAuts
     D:2: 86 daAuts
